 Dungeon Crawl Stone Soup version 0.18-a0-1390-gc02854d (webtiles) character file.

181 Ratboiler the Skirmisher (level 5, -2/52 HPs)
             Began as a Naga Wanderer on Feb 22, 2016.
             Was a Priest of Jiyva.
             Slain by a mummy (12 damage)
             ... in an ossuary.
             The game lasted 00:08:43 (2835 turns).

Ratboiler the Skirmisher (Naga Wanderer)            Turns: 2835, Time: 00:08:43

Health: -2/52      AC:  7    Str: 10    XL:     5   Next: 61%
Magic:  5/5        EV:  3    Int: 14    God:    Jiyva [***...]
Gold:   90         SH:  0    Dex: 15    Spells: 0 memorised, 4 levels left

rFire  . . .     SeeInvis +     b - +0 quarterstaff
rCold  . . .     Gourm    .     q - +0 ring mail
rNeg   . . .     Faith    .     (shield currently unavailable)
rPois  +         Spirit   .     (no helmet)
rElec  .         Dismiss  .     (no cloak)
rCorr  +         Reflect  .     v - +2 pair of gloves
SustAt .         Harm     .     (no barding)
MR     .....                    (no amulet)
Stlth  ++........               (no ring)
                                s - +3 ring of intelligence

@: very slow, not resistant to hostile enchantments, unstealthy
A: see invisible, deformed body, poison resistance, slowness 2, slow metabolism
1, spit poison 2, weak 1, AC +1
a: Spit Poison, Request Jelly, Jelly Paralyse, Renounce Religion


You were in an ossuary.
You worshipped Jiyva.
Jiyva was most pleased with you.
You were not hungry.

You visited 1 branch of the dungeon, and saw 4 of its levels.
You also visited: Ossuary.

You collected 90 gold pieces.

Inventory:

Hand Weapons
 a - a +0 dagger of freezing
 b - a +0 quarterstaff (weapon)
 l - a +2 dagger
Armour
 q - a +0 ring mail (worn)
 v - a +2 pair of gloves (worn)
Jewellery
 s - a +3 ring of intelligence (left hand)
Wands
 p - a wand of random effects (30/48)
Scrolls
 c - a scroll of blinking
 g - 2 scrolls of fog
 h - 2 scrolls of noise {unknown}
 i - 3 scrolls of remove curse {unknown}
 j - 2 scrolls of identify {unknown}
 n - a scroll of amnesia {unknown}
 o - a scroll of enchant armour {unknown}
Potions
 d - a potion of curing
 r - 2 potions of cure mutation {unknown}
Comestibles
 f - a bread ration
 k - 2 beef jerkies
 m - a meat ration
 t - a fruit
 u - 4 chunks of flesh


   Skills:
 - Level 5.1 Fighting
 - Level 1.0 Short Blades
 * Level 3.2 Staves
 - Level 1.7 Throwing
 - Level 1.0 Dodging
 - Level 3.0 Stealth


You had 4 spell levels left.
You didn't know any spells.

Dungeon Overview and Level Annotations

Branches:
Dungeon (4/15)
 Temple: D:4-7

Altars:
Cheibriados
Dithmenos
Okawaru
Trog
Jiyva


Innate Abilities, Weirdness & Mutations

You cannot wear boots.
Your serpentine skin is tough (AC +1).
You have supernaturally acute eyesight.
Armour fits poorly on your strangely shaped body.
Your system is resistant to poisons.
You cover ground very slowly.
You have a slow metabolism.
You can spit poison.
You are weak. (Str -2)


Message History

The mummy is moderately damaged.
The mummy hits you.
You are too injured to fight recklessly!
You are too injured to fight recklessly!
You are too injured to fight recklessly!
You are too injured to fight recklessly!
You are too injured to fight recklessly!
Press: ? - help, Shift-Dir - straight line, f - mummy
Aim: a mummy The splash of poison hits the mummy.
The mummy completely resists.
You feel slightly more hungry. The mummy hits you.
You hit the mummy.
The mummy is lightly damaged.
The mummy hits you! The mummy hits you!
* * * LOW HITPOINT WARNING * * *
There is a gate leading back out of this place here.
You have got your breath back.
The mummy hits you!
You die...

## # #.
M#M#M#'#+#+###
...........'.#
##'## #...#
#MM.# #@..#
#####


You could see 2 mummies.

Vanquished Creatures
  A worker ant (D:4)
  A mummy (Ossuary)
  6 adders
  A shadow imp (D:3)
  An adder skeleton (D:4)
  4 worms
  3 dart slugs
  2 giant geckos
  5 orcs (D:3)
  4 giant cockroaches
  4 goblins
  7 hobgoblins
  3 jackals (D:2)
  A quokka (D:4)
  4 bats
  4 giant newts
  7 kobolds
  4 rats
62 creatures vanquished.

Vanquished Creatures (others)
  A jelly (D:3)
  2 orc priests (D:3)
  An adder (D:2)
  2 worms (D:3)
  A dart slug (D:3)
  5 orcs (D:3)
  A ball python (D:3)
  3 bats
  2 goblins
  A hobgoblin (D:3)
  5 jackals
  3 quokkas
  A giant newt (D:3)
  A kobold (D:3)
  A rat (D:2)
30 creatures vanquished.

Grand Total: 92 creatures vanquished

Notes
Turn   | Place    | Note
--------------------------------------------------------------
     0 | D:1      | Ratboiler the Naga Wanderer began the quest for the Orb.
     0 | D:1      | Ratboiler set off with: a +2 dagger, a scroll of blinking, a +0 quarterstaff, a potion of curing, a +0 robe, a bread ration
     0 | D:1      | Reached XP level 1. HP: 18/18 MP: 1/1
   161 | D:1      | Reached skill level 2 in Fighting
   161 | D:1      | Reached XP level 2. HP: 17/26 MP: 2/2
   870 | D:1      | Reached XP level 3. HP: 20/33 MP: 3/3
  1032 | D:2      | Reached skill level 3 in Fighting
  1047 | D:2      | Found a faded altar to an unknown god.
  1076 | D:2      | Reached XP level 4. HP: 41/44 MP: 4/4
  1085 | D:2      | Became a worshipper of Jiyva Jytoekh the Shapeless
  1085 | D:2      | Reached * piety under Jiyva
  1330 | D:2      | Found an iron altar of Okawaru.
  1330 | D:2      | Found a snail-covered altar of Cheibriados.
  1331 | D:2      | Found a shadowy altar of Dithmenos.
  1387 | D:2      | Reached skill level 4 in Fighting
  1522 | D:2      | Reached ** piety under Jiyva
  2003 | D:3      | Reached XP level 5. HP: 17/51 MP: 5/5
  2233 | D:3      | Reached *** piety under Jiyva
  2280 | D:3      | Gained mutation: You are weak. (Str -2) [Jiyva's grace]
  2658 | D:4      | Reached skill level 5 in Fighting
  2771 | D:4      | Found a bloodstained altar of Trog.
  2810 | D:4      | Found a sand-covered staircase.
  2815 | Ossuary  | Entered an ossuary
  2835 | Ossuary  | Slain by a mummy

Vault maps used:
D:1:      dpeg_arrival_erosion, minmay_misc_feat_tiny, moated_statue
D:2:      gammafunk_temple_overflow_claw, ecumenical_altar_2
D:3:      lemuel_upstairs_altar
D:4:      nicolae_ossuary_entry_false_entrances, hangedman_decor_points,
          minmay_misc_feat_secret_circle, minmay_misc_feat_ornament,
          trog_three_pillars_becter
Ossuary:  ossuary_zaba_flooded

Skill      XL: |  1  2  3  4  5 |
---------------+----------------+-----
Fighting       | 2 3 4 5 |  5.1
Short Blades   | |  1.0
Staves         | |  3.2
Throwing       | |  1.7
Dodging        | |  1.0
Stealth        | |  3.0

Action                   |  1- 3 |  4- 6 || total
-------------------------+-------+-------++-------
Melee: Dagger            |    43 |   123 ||   166
       Quarterstaff      |       |    10 ||    10
Invok: Jelly Paralyse    |       |     1 ||     1
 Abil: Spit Poison       |    14 |    13 ||    27
  Use: Scroll            |       |     1 ||     1
 Stab: Sleeping          |     3 |     6 ||     9
       Distracted        |     1 |       ||     1
  Eat: Chunk             |     1 |       ||     1
       Pizza             |       |     1 ||     1
       Fruit             |       |     3 ||     3
